 Dungeon Crawl Stone Soup version 0.29-a0-384-g6960b1960d (webtiles) character file.

Game seed: 3776132549730850700

208 lesaewzxc the Skirmisher (level 5, -2/55 HPs)
             Began as an Ogre Cinder Acolyte on May 5, 2022.
             Was an Initiate of Ignis.
             Killed from afar by an orc wizard (3 damage)
             ... with a puff of flame
             ... on level 3 of the Dungeon on May 6, 2022.
             The game lasted 00:16:37 (2527 turns).

lesaewzxc the Skirmisher (Ogre Cinder Acolyte)      Turns: 2527, Time: 00:16:37

Health: -2/55      AC:  5    Str: 18    XL:     5   Next: 86%
Magic:  9/9        EV:  9    Int: 15    God:    Ignis [......]
Gold:   150        SH:  0    Dex:  8    Spells: 10/10 levels left

rFire   + . .      SeeInvis .   a - -1 mace (flame)
rCold   . . .      Faith    .   (no shield)
rNeg    . . .      Spirit   .   b - +0 robe
rPois   .          Reflect  .   (helmet restricted)
rElec   .          Harm     .   j - +1 cloak
rCorr   .          Rampage  .   (gloves unavailable)
Will    .....                   (boots unavailable)
Stlth   +.........              (no amulet)
HPRegen 0.18/turn               (no ring)
MPRegen 0.11/turn               (no ring)

@: confused
A: large, unfitting armour, tough skin 1, large bone plates 1, agile 1,
deterioration 1
a: Renounce Religion, Rising Flame


You were on level 3 of the Dungeon.
You worshipped Ignis.
Ignis was noncommittal.
You visited 1 branch of the dungeon, and saw 3 of its levels.

You collected 150 gold pieces.

Inventory:

Hand Weapons
 a - a -1 mace of flaming (weapon)
 c - a +0 whip
Missiles
 e - 3 boomerangs (quivered)
Armour
 b - a +0 robe (worn)
 j - a +1 cloak (worn)
Scrolls
 g - a scroll of identify
 h - 2 scrolls of silence


   Skills:
 + Level 4.8 Fighting
 + Level 3.2 Maces & Flails
 + Level 1.0 Armour
 + Level 1.0 Shields
 * Level 3.1 Spellcasting
 * Level 1.6 Hexes
 + Level 3.3 Fire Magic


You had 10 spell levels left.
You didn't know any spells.
Your spell library contained the following spells:

 Spells                   Type           Power      Damage    Failure   Level
 Scorch                   Fire           24%        2d6       8%          2
 Slow                     Hex            28%        N/A       11%         1
 Confusing Touch          Hex            7%         N/A       30%         3
 Portal Projectile        Hex/Tloc       8%         N/A       38%         3
 Call Canine Familiar     Summ           2%         N/A       52%         3
 Vampiric Draining        Necr           2%         2d6       52%         3
 Leda's Liquefaction      Hex/Erth       2%         N/A       80%         4


Dungeon Overview and Level Annotations

Branches:
Dungeon (3/15)

Altars:

Shops:
D:1 =[*


Innate Abilities, Weirdness & Mutations

You are too large for most types of armour.
You have tough skin. (AC +1)
You are partially covered in large bone plates. (SH +4)
You are agile. (Dex +2)
Your body sometimes deteriorates upon taking damage.


Message History

The orc wizard is moderately wounded.
Something hits you but does no damage. The orc wizard casts a spell at you.
The magic dart hits you!
* * * LOW HITPOINT WARNING * * *
You hit the orc wizard but do no damage.
The orc wizard is moderately wounded.
Something hits you but does no damage. The orc wizard completely misses you.
You hit the orc wizard. You burn the orc wizard.
The orc wizard is heavily wounded.
Something hits you but does no damage. The orc wizard casts a spell at you.
The magic dart hits you.
* * * LOW HITPOINT WARNING * * *
You closely miss the orc wizard.
The orc wizard is heavily wounded.
Something hits you.
* * * LOW HITPOINT WARNING * * *
The orc wizard hits you but does no damage. x2
Something hits you but does no damage.
You completely miss the orc wizard.
The orc wizard is heavily wounded.
You hear some strange, mumbled words.
You are confused.
The orc wizard points at you and mumbles some strange words.
The puff of flame hits you. You resist.
* * * LOW HITPOINT WARNING * * *
Unknown command.
You miss the orc wizard.
The orc wizard is heavily wounded.
Something hits you but does no damage.
The orc wizard hits you with a +0 dagger.
* * * LOW HITPOINT WARNING * * *
Unknown command.
You closely miss the orc wizard. Your punch misses the orc wizard.
The orc wizard is heavily wounded.
You hear some strange, mumbled words.
A puff of flame appears from out of thin air!
The puff of flame hits you. You resist.
You die...

..#......#####....###.........#
.........# #....#.........#.#
....[....# #... #.#......<#.#
........## #.. #.####.##.#.#
........######.. #.# #.##.#.#
........#....... #.# #..#.#.###
........#....... #.# #.#.#....
........#.......###.# #...#####
........#......o@...# ##....#
........#......{##### #..#.#
....... ######..#.# .......
.......>..# .......
#######'##### .......
............. .......
..<.#........ ....... ..
#........ ###......


You could see an orc wizard.

Vanquished Creatures
  A gnoll shaman (D:2)
  An orc priest (D:3)
  5 adders
  3 gnolls
  2 worms (D:2)
  3 dart slugs
  4 orcs (D:3)
  5 ball pythons
  3 bats
  5 endoplasms
  3 giant cockroaches
  3 goblins
  7 hobgoblins
  4 jackals (D:3)
  5 kobolds
  A quokka (D:1)
  3 frilled lizards
  5 rats
63 creatures vanquished.

Vanquished Creatures (others)
  27 foxfires
27 creatures vanquished.

Grand Total: 90 creatures vanquished

Notes
Turn   | Place    | Note
-------+----------+-------------------------------------------
     0 | D:1      | lesaewzxc the Ogre Cinder Acolyte began the quest for the
                  | Orb.
     0 | D:1      | Reached XP level 1. HP: 24/24 MP: 2/2
    30 | D:1      | HP: 1/24 [hobgoblin (4)]
   356 | D:1      | Reached XP level 2. HP: 26/32 MP: 2/4
   399 | D:1      | Found Xime's Jewellery Shoppe.
   460 | D:1      | Found Zefu's Assorted Antiques.
   523 | D:1      | Found Ahin's Antique Armour Shoppe.
   613 | D:2      | Reached XP level 3. HP: 22/40 MP: 4/6
   747 | D:2      | Upgraded the game from 0.29-a0-380-gf50f0a9fbc to
                  | 0.29-a0-384-g6960b1960d
   852 | D:2      | Gained mutation: Your body sometimes deteriorates upon
                  | taking damage. [potion of mutation]
   852 | D:2      | Gained mutation: You are partially covered in large bone
                  | plates. (SH +4) [potion of mutation]
   852 | D:2      | Gained mutation: You are agile. (Dex +2) [potion of
                  | mutation]
  1050 | D:2      | Reached XP level 4. HP: 32/49 MP: 7/7
  1469 | D:2      | Reached skill level 1 in Hexes
  1476 | D:3      | Reached XP level 5. HP: 32/55 MP: 8/8
  2410 | D:3      | Reached skill level 1 in Armour
  2410 | D:3      | Reached skill level 1 in Shields
  2526 | D:3      | HP: 1/55 [orc wizard/+0 dagger (4)]
  2527 | D:3      | Killed from afar by an orc wizard

Illustrated notes

Levels and vault maps discovered:
D:1:      doesnt_arrival_eight_statues, layout_basic,
          ebering_ecumenical_altar_webs, serial_shops, shop, shop,
          nicolae_diamond_shop, nicolae_shop_behind_doors
D:2:      kb_forest_paths, layout_basic
D:3:      layout_basic

Skill      XL: |  1  2  3  4  5 |
---------------+----------------+-----
Maces & Flails | 3 |  3.2
Spellcasting   | 2 3 |  3.1
Fire Magic     | 3 |  3.3
Hexes          | 1 |  1.6
Armour         | 1 |  1.0
Shields        | 1 |  1.0
Fighting       | |  4.8

Action                   |  1- 3 |  4- 6 || total
-------------------------+-------+-------++-------
Melee: Mace              |    74 |   148 ||   222
       Punch             |     2 |       ||     2
Throw: Boomerang         |       |     1 ||     1
Invok: Fiery Armour      |     2 |     2 ||     4
       Foxfire Swarm     |     1 |     5 ||     6
  Use: Potion            |     6 |     6 ||    12
       Scroll            |     2 |       ||     2
 Stab: Sleeping          |     1 |       ||     1
Armor: Robe              |    36 |    75 ||   111
       Skin              |       |     9 ||     9
Dodge: Dodged            |    52 |    75 ||   127
Block: Other             |     1 |    35 ||    36

Table legend: (Time is in decaauts)
 A = Elapsed time spent in this place.
 B = Non-inter-level travel time spent in this place.
 C = Inter-level travel time spent in this place.
 D = Time resting spent in this place.
 E = Time spent auto-exploring this place.
 F = Levels seen in this place.
 G = Mean time per level.
                   A        B        C        D        E       F      G
               +--------+--------+--------+--------+--------+-----+--------+
         Total |   2534 |   2527 |      7 |      0 |    483 |   3 |  844.7 |
       Dungeon |   2534 |   2527 |      7 |      0 |    483 |   3 |  844.7 |
               +--------+--------+--------+--------+--------+-----+--------+

Top non-repeatable levels by time:
     D:3: 1057 daAuts
     D:2: 877 daAuts
     D:1: 599 daAuts
